 Dungeon Crawl Stone Soup version 0.32-a0-931-g5a2cda0630 (webtiles) character file.

Game seed: 6138336179409655008

16 Biggs the Trooper (level 2, -1/24 HPs)
             Began as a Demonspawn Fighter on Apr 14, 2024.
             Succumbed to a gnoll's poison
             ... on level 2 of the Dungeon.
             The game lasted 00:03:46 (446 turns).

Biggs the Trooper (Demonspawn Fighter)               Turns: 446, Time: 00:03:47

Health: -1/24      AC:  6    Str: 16    XL:     2   Next: 37%
Magic:  2/2        EV:  7    Int:  8    God:
Gold:   48         SH:  4    Dex: 12    Spells: 1/1 levels left

rFire   . .          .
                       - Unarmed
rCold   . . .        b - +0 buckler
rNeg    . . .        a - +0 scale mail
rPois   .            (no helmet)
rElec   .            (no cloak)
rCorr   .            (no gloves)
SInv    .            (no boots)
Will    .....        (no amulet) Stlth
                     (no ring)
HPRegen 0.24/turn    (no ring)
MPRegen 0.08/turn

%: no passive effects
@: lethally poisoned (-1 -> -8)
A: spiny 1
a: no special abilities


You were on level 2 of the Dungeon.
You visited 1 branch of the dungeon, and saw 2 of its levels.

You collected 48 gold pieces.

Inventory:

Armour
 a - a +0 scale mail (worn)
 b - a +0 buckler (worn)
Scrolls
 f - a scroll of poison {unknown}
 g - a scroll of identify {unknown}
 h - a scroll of enchant weapon {unknown}
 i - a scroll of blinking {unknown}
Potions
 c - a potion of might
 e - a potion of haste {unknown}


   Skills:
 - Level 3.0 Fighting
 - Level 2.6 Armour
 - Level 2.6 Shields
 + Level 2.8 Unarmed Combat


You had one spell level left.
You didn't know any spells.
Your spell library was empty.

Dungeon Overview and Level Annotations

Branches:
Dungeon (2/15)

Altars:

Shops:
D:1 !:


Innate Abilities, Weirdness & Mutations

You are partially covered in sharp spines.


Message History

The gnoll hits you but does no damage. You block the gnoll's attack.
You see here a +0 ring mail.
Unknown command.
You hit the gnoll.
The gnoll is lightly wounded.
The gnoll is struck by your spines.
The gnoll hits you but does no damage. x2
You are poisoned.
You hit the gnoll.
The gnoll is moderately wounded.
You feel sick. You block the gnoll's attack.
The gnoll hits you from afar with a +1 spear of venom.
You are more poisoned.
The gnoll hits you from afar with a +0 spear.
You block the gnoll's attack.
You hit the gnoll.
The gnoll is severely wounded.
You feel very sick. You block the gnoll's attack.
The gnoll hits you from afar with a +0 spear.
Unknown command.
You feel very sick. The gnoll attacks as it pursues you!
The gnoll hits you from afar with a +1 spear of venom.
* * * LOW HITPOINT WARNING * * *
You block the gnoll's attack.
Unknown command.
It was a potion of heal wounds.
You feel much better.
You feel sick. The gnoll is struck by your spines.
The gnoll hits you with a +0 whip.
The gnoll hits you from afar with a +1 spear of venom.
You are lethally poisoned!
Unknown command.
Okay, then.
You feel very sick.
* * * LOW HITPOINT WARNING * * *
You feel very sick.
* * * LOW HITPOINT WARNING * * *
You feel very sick.
* * * LOW HITPOINT WARNING * * *
You feel sick.
You die...

.. ##### #. ##....
###. ###..... ..>
########....... . ..
#####.)......##..##
... #.
####.@...#########.##
.##..#.#####gg..#####
##.#
)........gg..####
##..# ...#....g#####
#######..##
#....##..#
###......^## ###g.
##.# #...####### ..g
.# #.### ...# .. .##
##.# #.##
#??....##..#


You could see 4 gnolls.

Vanquished Creatures
  A ribbon worm (D:2)
  A dart slug (D:1)
  A giant cockroach (D:1)
  2 goblins
  A hobgoblin (D:1)
  A ball python (D:1)
  A bat (D:2)
  2 frilled lizards
  2 kobolds
12 creatures vanquished.

Notes
Turn   | Place    | Note
-------+----------+-------------------------------------------
     0 | D:1      | Biggs the Demonspawn Fighter began the quest for the Orb.
     0 | D:1      | Reached XP level 1. HP: 18/18 MP: 1/1
    15 | D:1      | Found Sufoj's Book Shoppe.
   138 | D:1      | Found Pagg's Distillery.
   183 | D:1      | Gained mutation: You are partially covered in sharp spines.
                  | [demonic ancestry]
   183 | D:1      | Reached XP level 2. HP: 24/24 MP: 2/2
   445 | D:2      | HP: 1/24 [poisoned by a gnoll]
   446 | D:2      | Succumbed to a gnoll's poison

Illustrated notes

Levels and vault maps discovered:
D:1:      psy_arrival_terrarium, layout_loops_ring, serial_shops,
          nicolae_shop_tiny_real_fake_doors, nicolae_shop_industrial_runoff,
          shop, minmay_misc_feat_five, minivault_25, kennysheep_boxes
D:2:      layout_rooms, basic_altar

Skill      XL: |  1 |
---------------+----+-----
Unarmed Combat | 2 |  2.8
Fighting       | |  3.0
Armour         | |  2.6
Shields        | |  2.6

Action                     || total
---------------------------++-------
  Melee: Unarmed           ||    35
    Use: Potion            ||     1
 Armour: Scale mail        ||    20
  Dodge: Dodged            ||    10
  Block: Buckler           ||    12

Table legend: (Time is in decaauts)
 A = Elapsed time spent in this place.
 B = Non-inter-level travel time spent in this place.
 C = Inter-level travel time spent in this place.
 D = Time resting spent in this place.
 E = Time spent auto-exploring this place.
 F = Levels seen in this place.
 G = Mean time per level.
                   A        B        C        D        E       F      G
               +--------+--------+--------+--------+--------+-----+--------+
         Total |    456 |    451 |      5 |      0 |     10 |   2 |  228.0 |
       Dungeon |    456 |    451 |      5 |      0 |     10 |   2 |  228.0 |
               +--------+--------+--------+--------+--------+-----+--------+

Top non-repeatable levels by time:
     D:1: 255 daAuts
     D:2: 200 daAuts
